 Dungeon Crawl Stone Soup version 0.28-a0-998-gb9e9c7b67e (webtiles) character file.

Game seed: 181289138194106528

2677 ragingrage the Cleaver (level 9, 0/67 HPs)
             Began as a Palentonga Fighter on Dec 6, 2021.
             Was a Priest of Okawaru.
             Slain by Duvessa (3 damage)
             ... on level 6 of the Dungeon.
             The game lasted 00:08:56 (7546 turns).

ragingrage the Cleaver (Palentonga Fighter)         Turns: 7546, Time: 00:08:56

Health: 0/67       AC: 13    Str: 19    XL:     9   Next: 37%
Magic:  18/18      EV:  9    Int:  8    God:    Okawaru [***...]
Gold:   339        SH:  5    Dex: 15    Spells: 8/8 levels left

rFire   + . .      SeeInvis +   a - +1 war axe (flame)
rCold   + . .      Faith    .   c - +1 buckler
rNeg    . . .      Spirit   .   n - +2 leather armour {rPois}
rPois   +          Reflect  .   (no helmet)
rElec   .          Harm     .   (no cloak)
rCorr   .          Rampage  .   (no gloves)
Will    .....                   (no barding)
Stlth   ++........              (no amulet)
HPRegen 0.21/turn               e - ring of protection from cold
MPRegen 0.16/turn               j - ring "Ytuwn" {MP+9 Stlth+}

@: curled up
A: large, rugged brown scales 3, see invisible, deformed body, roll 1, armoured
tail, reflexive curl, fire resistance 1, MP-powered wands, noise suppression
a: Rolling Charge, Renounce Religion, Heroism


You were on level 6 of the Dungeon.
You worshipped Okawaru.
Okawaru was most pleased with you.
You visited 1 branch of the dungeon, and saw 6 of its levels.
You also visited: Ossuary.

You collected 495 gold pieces.
You spent 156 gold pieces at shops.

Inventory:

Hand Weapons
 a - a +1 war axe of flaming (weapon)
Missiles
 i - 16 poisoned darts (quivered)
 y - 5 javelins
Armour
 c - a +1 buckler (worn)
 k - a +0 plate armour
 n - a +2 leather armour of poison resistance (worn)
Jewellery
 e - a ring of protection from cold (left hand)
 j - the ring "Ytuwn" (right hand) {MP+9 Stlth+}
   (You found it on level 5 of the Dungeon)

   [ring of magical power]

   MP:        It affects your magic capacity (+9).
   Stlth:     It makes you more stealthy.
 E - a ring of fire
Wands
 f - a wand of iceblast (2)
 g - a wand of polymorph (11)
 h - a wand of acid (8)
 l - a wand of paralysis (7)
 D - a wand of digging (4)
Scrolls
 b - 2 scrolls of amnesia
 m - 4 scrolls of teleportation
 r - 7 scrolls of identify
 t - a scroll of noise {unknown}
 v - a scroll of magic mapping
 x - 3 scrolls of fear
 A - a scroll of silence
Potions
 d - a potion of brilliance
 o - a potion of lignification
 q - 2 potions of mutation
 s - a potion of heal wounds
 u - 5 potions of curing
 w - a potion of might
 z - a potion of cancellation {unknown}
 B - a potion of berserk rage {unknown}


   Skills:
 - Level 3.0 Fighting
 * Level 12.9 Axes
 - Level 2.4 Armour
 - Level 2.4 Shields


You had 8 spell levels left.
You didn't know any spells.
Your spell library contained the following spells:

 Spells                   Type           Power      Damage    Failure   Level
 Sting                    Tmut/Pois      0%         1d3       45%         1
 Poisonous Vapours        Pois/Air       0%         N/A       61%         2
 Olgreb's Toxic Radiance  Pois           0%         N/A       99%         4


Dungeon Overview and Level Annotations

Branches:
Dungeon (6/15)             Temple (0/1) D:4         Ossuary (visited)

Altars:
Ashenzari
Fedhas
Gozag
Hepliaklqana
Makhleb
Okawaru
Qazlal
Sif Muna
Trog
Uskayaw
Vehumet
Xom

Shops:
D:3 *   D:5 (

Annotations:
D:6 Duvessa


Innate Abilities, Weirdness & Mutations

You are completely covered in rugged brown scales. (AC +3, +7% HP)
You have supernaturally acute eyesight. (SInv)
Armour fits poorly on your strangely shaped body.
You can roll at nearby foes to attack.
You have a long armoured tail.
You curl defensively after being hit. (AC +7*)
Your flesh is heat resistant. (rF+)
You expend magic power (3 MP) to strengthen your wands.
You passively dampen the noise of your surroundings.


Message History

Press: ? - help, Q - select action, (/) - cycle Shift-Dir - straight line, f/p - Duvessa
Aim: Duvessa, wielding a +0 short sword and wearing a +0 ring mail (lightly wounded, fast, extremely poisoned, 67% to hit)
You throw a poisoned dart.
The poisoned dart barely misses Duvessa.
Duvessa hits you with a +0 short sword. You block Duvessa's attack.
Dowan hits you but does no damage.
You barely miss Duvessa.
Duvessa is lightly wounded.
You barely miss Dowan. You block Duvessa's attack.
You completely miss Duvessa. You tail-slap Duvessa!
Duvessa is moderately wounded.
You hit Dowan but do no damage. Dowan barely misses you.
Duvessa hits you with a +0 short sword.
* * * LOW HITPOINT WARNING * * *
You hit Duvessa but do no damage.
Duvessa is moderately wounded.
You slash Dowan! You burn Dowan.
You kill Dowan!
Okawaru accepts your kill.
Duvessa screams, "No!
How DARE you!"
Duvessa goes berserk!
You block Duvessa's attack.
You closely miss Duvessa.
Duvessa is heavily wounded.
Duvessa barely misses you. Duvessa hits you with a +0 short sword.
* * * LOW HITPOINT WARNING * * *
Okay, then.
You can't see any enemies this would affect, really read the scroll of fear?
Okay, then.
As you read the scroll labelled KED TOSTEDAIV, it crumbles to dust.
You speak a Word of immense power!
It was a scroll of holy word.
Duvessa hits you with a +0 short sword!
* * * LOW HITPOINT WARNING * * *
As you read the scroll labelled SEISSOXALA, it crumbles to dust.
It is a scroll of enchant weapon.
Really abort (and waste the scroll)? [Y]es or [N]o only, please.
Really abort (and waste the scroll)?
Your +0 war axe of flaming glows red for a moment.
You block Duvessa's attack. Duvessa hits you with a +0 short sword.
You die...

#.....# . .##.....# ##.####
.####.### #.. ...# ##.# #.#
#.#.##.# #.. #.#####.#.##.#
... #.....<...##.#### #
#e#######.....#........
#.#.#.#.....#.##.......##.#
#.....#(.e@.#.##..#.#.###.#
###.......).........#......
..
#####.............#..##.#
#. #...........#.#...... #.
####...###..........# #.
#...# #######.#### #. #...#
#.# #.####### #...#######
#.# # ###.......#
#.........# #.####


You could see Duvessa (berserk, fast, very poisoned).

Vanquished Creatures
  Pikel (D:4)
  A manticore (D:6)
  A slime creature (D:6)
  Sigmund (D:4)
  Menkaure (Ossuary)
  A water moccasin (D:5)
  An orc warrior (D:6)
  2 ice beasts (D:6)
  A black bear (D:5)
  A lemure (D:4)
  A phantom (D:6)
  A scorpion (D:5)
  A water moccasin skeleton (D:4)
  Dowan (D:6)
  A howler monkey (D:6)
  A centaur zombie (D:5)
  5 hounds
  A jelly (D:5)
  A bullfrog skeleton (D:6)
  A centaur skeleton (D:6)
  Ijyb (D:4)
  A scorpion zombie (D:5)
  An orc wizard (D:6)
  A hound skeleton (D:5)
  3 mummies (Ossuary)
  4 gnolls (D:2)
  9 adders
  An adder skeleton (D:4)
  2 worms
  A dart slug (D:3)
  12 orcs
  5 bats
  8 endoplasms
  5 giant cockroaches
  5 gnoll zombies (Ossuary)
  8 goblins
  4 hobgoblins
  3 jackals
  5 kobolds
  2 quokkas (D:1)
  7 ball pythons
  4 frilled lizards
  6 gnoll skeletons (Ossuary)
  4 goblin skeletons (Ossuary)
  2 goblin zombies (Ossuary)
  4 hobgoblin skeletons (Ossuary)
  A hobgoblin zombie (Ossuary)
  A kobold skeleton (Ossuary)
  3 kobold zombies (Ossuary)
  4 orc skeletons (Ossuary)
  9 orc zombies (Ossuary)
  5 rats
  6 rat skeletons (Ossuary)
  5 rat zombies (Ossuary)
167 creatures vanquished.

Vanquished Creatures (others)
  2 plants (D:1)
2 creatures vanquished.

Grand Total: 169 creatures vanquished

Notes
Turn   | Place    | Note
-------+----------+-------------------------------------------
     0 | D:1      | ragingrage the Palentonga Fighter began the quest for the
                  | Orb.
     0 | D:1      | Reached XP level 1. HP: 19/19 MP: 1/1
   186 | D:1      | Reached XP level 2. HP: 22/25 MP: 2/2
   385 | D:1      | Found a faded altar of an unknown god.
   390 | D:1      | Reached skill level 3 in Axes
   961 | D:2      | Reached XP level 3. HP: 31/31 MP: 3/3
  1411 | D:2      | Reached skill level 4 in Axes
  1991 | D:2      | Reached XP level 4. HP: 7/37 MP: 4/4
  2377 | D:2      | Found a burning altar of Makhleb.
  2546 | D:3      | Found Neinefid's Assorted Antiques.
  2555 | D:3      | Bought a bubbling coppery potion for 28 gold pieces
  2555 | D:3      | Bought a scroll labelled NONUTA DUAK for 32 gold pieces
  2555 | D:3      | Bought a scroll labelled HESISI FYLU for 32 gold pieces
  2585 | D:3      | Found an opulent altar of Gozag.
  2587 | D:3      | Found a blossoming altar of Fedhas.
  2591 | D:3      | Found a hide-covered altar of Uskayaw.
  2592 | D:3      | Found a hazy altar of Hepliaklqana.
  2594 | D:3      | Found a broken altar of Ashenzari.
  2594 | D:3      | Found an iron altar of Okawaru.
  2595 | D:3      | Found a shimmering blue altar of Sif Muna.
  2597 | D:3      | Found a stormy altar of Qazlal.
  2601 | D:3      | Found a radiant altar of Vehumet.
  2603 | D:3      | Became a worshipper of Warmaster Okawaru
  2760 | D:3      | Reached skill level 5 in Axes
  2807 | D:3      | Found a bloodstained altar of Trog.
  2933 | D:3      | Reached XP level 5. HP: 43/43 MP: 5/5
  3516 | D:4      | Noticed Ijyb
  3527 | D:4      | Killed Ijyb
  3870 | D:4      | Found a staircase to the Ecumenical Temple.
  3881 | D:4      | Reached skill level 6 in Axes
  3932 | D:4      | Noticed Sigmund
  3944 | D:4      | Gained mutation: Your flesh is heat resistant. (rF+)
                  | [potion of mutation]
  3944 | D:4      | Gained mutation: You expend magic power (3 MP) to
                  | strengthen your wands. [potion of mutation]
  3944 | D:4      | Gained mutation: You passively dampen the noise of your
                  | surroundings. [potion of mutation]
  3964 | D:4      | Killed Sigmund
  3964 | D:4      | Reached * piety under Okawaru
  3965 | D:4      | Reached skill level 7 in Axes
  3965 | D:4      | Reached XP level 6. HP: 50/50 MP: 6/6
  4105 | D:4      | Found a sand-covered staircase.
  4110 | Ossuary  | Entered an ossuary
  4453 | Ossuary  | Noticed Menkaure
  4458 | Ossuary  | Killed Menkaure
  4459 | Ossuary  | Gained mutation: You curl defensively after being hit. (AC
                  | +7*) [Palentonga growth]
  4459 | Ossuary  | Reached XP level 7. HP: 19/55 MP: 7/7
  4461 | Ossuary  | Reached skill level 8 in Axes
  5415 | D:4      | Noticed Pikel
  5435 | D:4      | Killed Pikel
  5435 | D:4      | Reached ** piety under Okawaru
  5436 | D:4      | Reached skill level 9 in Axes
  5436 | D:4      | Reached XP level 8. HP: 22/62 MP: 5/8
  5693 | D:5      | Entered Level 5 of the Dungeon
  5788 | D:5      | Reached skill level 10 in Axes
  5901 | D:5      | Found Sybbyi's Antique Weapon Emporium.
  6055 | D:3      | Bought a scroll labelled POTOHO UMOYNI for 32 gold pieces
  6055 | D:3      | Bought a scroll labelled OQERPH HOUFEXO for 32 gold pieces
  6189 | D:5      | Identified the ring "Ytuwn" {MP+9 Stlth+}
  6247 | D:5      | Found a shimmering altar of Xom.
  6594 | D:5      | Reached skill level 11 in Axes
  7238 | D:6      | Noticed a manticore
  7244 | D:6      | Killed a manticore
  7244 | D:6      | Reached *** piety under Okawaru
  7245 | D:6      | Reached skill level 12 in Axes
  7245 | D:6      | Reached XP level 9. HP: 41/67 MP: 9/9
  7525 | D:6      | Noticed Dowan
  7526 | D:6      | Noticed Duvessa
  7543 | D:6      | Killed Dowan
  7545 | D:6      | HP: 3/67 [Duvessa (9)]
  7546 | D:6      | Slain by Duvessa

Illustrated notes

Levels and vault maps discovered:
D:1:      amcnicky_arrival_double_pillar, layout_rooms,
          ebering_ecumenical_altar_box, minmay_misc_feat_encased,
          serial_bayou_lagoon_b
D:2:      layout_basic, basic_altar
D:3:      minmay_razor_zed, layout_loops_cross, trog_book,
          nicolae_overflow_hallway_of_the_gods, serial_shops,
          nicolae_shop_overgrown_old_shop, moated_statue
D:4:      layout_loops_cross, temple_fountains,
          nicolae_ossuary_entry_false_entrances, uniq_ijyb, uniq_pikel,
          uniq_sigmund
D:5:      layout_basic, brannock_xom_greatest_gift, serial_shops,
          nicolae_shop_hallway_plus
D:6:      layout_loops_cross, serial_shops, nicolae_take_the_stairs,
          lightli_sewer_entry_pipes, minmay_three_doors, uniq_duvessa

Skill      XL: |  1  2  3  4  5  6  7  8 |
---------------+-------------------------+-----
Axes           | 3 4 5 7 9 12 | 12.9
Fighting       | |  3.0
Armour         | |  2.4
Shields        | |  2.4

Action                   |  1- 3 |  4- 6 |  7- 9 || total
-------------------------+-------+-------+-------++-------
Melee: War axe           |    97 |   189 |   168 ||   454
       Tailslap          |    14 |    24 |    26 ||    64
Throw: Dart              |    14 |     9 |    11 ||    34
Invok: Heroism           |       |       |     2 ||     2
 Abil: Rolling Charge    |    11 |     6 |    11 ||    28
  Use: Scroll            |       |     5 |    10 ||    15
       Potion            |       |     4 |       ||     4
 Stab: Sleeping          |       |     1 |     2 ||     3
Armor: Scale mail        |    32 |       |       ||    32
       Plate armour      |    28 |       |       ||    28
       Leather armour    |       |    52 |    44 ||    96
       Skin              |       |     5 |       ||     5
Dodge: Dodged            |    29 |    61 |    44 ||   134
Block: Buckler           |    18 |    25 |    32 ||    75

Table legend: (Time is in decaauts)
 A = Elapsed time spent in this place.
 B = Non-inter-level travel time spent in this place.
 C = Inter-level travel time spent in this place.
 D = Time resting spent in this place.
 E = Time spent auto-exploring this place.
 F = Levels seen in this place.
 G = Mean time per level.
                   A        B        C        D        E       F      G
               +--------+--------+--------+--------+--------+-----+--------+
         Total |   7624 |   7182 |    442 |    538 |   5350 |   7 | 1089.1 |
       Dungeon |   6921 |   6479 |    442 |    495 |   4917 |   6 | 1153.5 |
       Ossuary |    702 |    702 |      0 |     43 |    433 |   1 |  702.0 |
               +--------+--------+--------+--------+--------+-----+--------+

Top non-repeatable levels by time:
     D:4: 1636 daAuts
     D:2: 1511 daAuts
     D:1: 1068 daAuts
     D:3: 999 daAuts
     D:5: 856 daAuts
     D:6: 848 daAuts
 Ossuary: 702 daAuts
